 Dungeon Crawl Stone Soup version 0.26-a0-651-gb41185065b (webtiles) character file.

Game seed: 4002017661831568869

146 gbos the Shooter (level 5, -18/43 HPs)
             Began as a Barachi Hunter on Oct 16, 2020.
             Was an Initiate of Okawaru.
             Demolished by an ogre
             ... wielding a +0 giant club
              (22 damage)
             ... on level 4 of the Dungeon.
             The game lasted 00:05:28 (3787 turns).

gbos the Shooter (Barachi Hunter)                   Turns: 3787, Time: 00:05:29

Health: -18/43     AC:  3    Str: 21    XL:     5   Next: 28%
Magic:  5/5        EV: 12    Int: 11    God:    Okawaru [......]
Gold:   315        SH:  0    Dex: 12    Spells: 4/4 levels left

rFire    . . .     SeeInvis +   a - +1 shortbow
rCold    . . .     Faith    .   (shield currently unavailable)
rNeg     . . .     Spirit   .   c - +0 leather armour
rPois    .         Reflect  .   (no helmet)
rElec    .         Harm     .   (no cloak)
rCorr    .         Rampage  .   (no gloves)
MR       .....                  (no boots)
Stlth    +.........             (no amulet)
HPRegen  0.14/turn              f - ring of see invisible
MPRegen  0.09/turn              y - +6 ring of strength

@: can't hop, hasted, quick
A: +LOS, swims, slowness 1, strong legs 1
a: Hop, Renounce Religion


You were on level 4 of the Dungeon.
You worshipped Okawaru.
Okawaru was noncommittal.
You visited 2 branches of the dungeon, and saw 5 of its levels.

You collected 315 gold pieces.


Innate Abilities, Weirdness & Mutations

You can be seen from farther away. (+LOS)
You can swim through water.
You cover ground slowly.
You can hop short distances.


   Skills:
 + Level 4.8 Fighting
 + Level 5.3 Bows
 - Level 2.1 Dodging
 - Level 0.8 Stealth


You had 4 spell levels left.
You didn't know any spells.
Your spell library was empty.

Inventory:

Hand Weapons
 a - a +1 shortbow (weapon)
 b - a +2 falchion of venom
 x - a +0 short sword
Missiles
 d - 36 arrows (quivered)
 w - a throwing net {=f}
Armour
 c - a +0 leather armour (worn)
Jewellery
 f - a ring of see invisible (left hand)
 p - an uncursed ring of protection from cold
 y - a +6 ring of strength (right hand)
Scrolls
 e - 3 scrolls of identify {@r1}
 h - 2 scrolls of remove curse {unknown}
 j - 2 scrolls of enchant weapon {unknown}
 k - a scroll of magic mapping {unknown}
 m - 2 scrolls of amnesia {unknown}
 q - a scroll of random uselessness {unknown}
 r - a scroll of blinking {unknown}
 s - a scroll of noise {unknown}
 t - a scroll of teleportation {unknown}
 v - a scroll of enchant armour {unknown}
 z - a scroll of fear {unknown}
Potions
 g - a potion of resistance {unknown}
 i - 2 potions of curing {unknown}
 l - a potion of haste {@q3}
 n - 2 potions of lignification {unknown}
 o - a potion of might {unknown}
 u - a potion of brilliance {unknown}

Dungeon Overview and Level Annotations

Branches:
Dungeon (4/15)             Temple (1/1) D:4

Altars:
Ashenzari
Cheibriados
Elyvilon
Makhleb
Okawaru
Ru
Sif Muna
Uskayaw
Xom
Yredelemnul
Zin

▒▒▒▒▒ ..▒ ....▒▒
▒▒.▒▒
...▒.▒▒▒▒...▒▒▒▒
...▒...........
........▒..⌠..
...▒...▒▒.....▒ ▒
..)...▒▒..▒.▒..▒▒ .▒
.....▒▒..▒▒.▒▒..▒▒..▒
........▒▒...▒▒OF..(▒
......⌠....>..(.⌠...▒
...▒....▒▒.(.▒▒....▒▒
▒..▒.▒▒..▒▒.▒▒.(▒▒.▒
.▒....▒▒..▒.▒..▒▒ .▒
▒▒▒....▒▒.....▒ .▒ ▒
▒▒.▒..▒..⌠.. ▒
▒▒.▒..O..... ▒
▒..▒..▒▒▒▒▒


You could see an ogre.


Message History

The arrow barely misses the ogre.
You shoot an arrow.
The arrow hits the ogre but does no damage.
You shoot an arrow. The arrow hits the ogre.
The ogre is lightly wounded.
The ogre hits you with a +0 giant club!!
Ouch! That really hurt!
* * * LOW HITPOINT WARNING * * *
You shoot an arrow. The arrow hits the ogre.
The ogre is moderately wounded.
You shoot an arrow. The arrow hits the ogre.
The ogre is moderately wounded.
The ogre closely misses you.
You shoot an arrow. The arrow hits the ogre.
The ogre is heavily wounded.
The ogre hits you with a +0 giant club!!
* * * LOW HITPOINT WARNING * * *
Unknown command.
Okay, then.
Unknown command.
Okay, then.
It was a potion of haste.
You feel yourself speed up.
The ogre hits you with a +0 giant club!!
Ouch! That really hurt!
You die...

Action                   |  1- 3 |  4- 6 || total
-------------------------+-------+-------++-------
Melee: Short sword       |   100 |       ||   100
       Falchion          |       |    58 ||    58
 Fire: Shortbow          |    59 |     9 ||    68
 Abil: Hop               |     1 |     1 ||     2
  Use: Scroll            |       |     2 ||     2
       Potion            |       |     1 ||     1
 Stab: Sleeping          |     1 |     1 ||     2
Armor: Leather armour    |    39 |    16 ||    55
Dodge: Dodged            |    93 |    47 ||   140
       Rpst.: Falchion   |       |    13 ||    13

Levels and vault maps discovered:
D:1:      heliophobic_arrival_battle_scene, layout_loops_ring
D:2:      minmay_spotlight, layout_basic, cheibrodos_gnoll_hut
D:3:      layout_rooms, cheibriados_altar_1
D:4:      layout_loops_ring, minmay_overflow_temple_hex,
          minmay_temple_entry_waves, serial_bayou_ford_a,
          nicolae_ashenzari_panopticon, uniq_blork_the_orc
Temple:   minmay_temple_forest_path

Notes
Turn   | Place    | Note
-------+----------+-------------------------------------------
     0 | D:1      | gbos the Barachi Hunter began the quest for the Orb.
     0 | D:1      | Reached XP level 1. HP: 17/17 MP: 1/1
   115 | D:1      | Reached XP level 2. HP: 19/23 MP: 2/2
   116 | D:1      | Reached skill level 3 in Fighting
   976 | D:2      | Reached XP level 3. HP: 29/29 MP: 3/3
  1995 | D:2      | HP: 8/30 [gnoll (3)]
  1996 | D:2      | HP: 1/30 [gnoll (7)]
  1997 | D:2      | Reached skill level 4 in Fighting
  1997 | D:2      | Reached XP level 4. HP: 1/37 MP: 4/4
  2801 | D:3      | Reached skill level 5 in Bows
  2938 | D:3      | Found a snail-covered altar of Cheibriados.
  3156 | D:4      | Found a broken altar of Ashenzari.
  3157 | D:4      | Noticed an ogre
  3202 | D:4      | Reached XP level 5. HP: 24/43 MP: 5/5
  3492 | D:4      | Found a staircase to the Ecumenical Temple.
  3497 | D:4      | Noticed an ogre
  3503 | Temple   | Entered the Ecumenical Temple
  3727 | Temple   | Became a worshipper of Warmaster Okawaru
  3786 | D:4      | HP: 4/43 [ogre/+0 giant club (18)]
  3787 | D:4      | Demolished by an ogre

Vanquished Creatures
  An orc wizard (D:4)
  A gnoll (D:2)
  2 adders (D:3)
  A worm (D:2)
  4 leopard geckos
  10 orcs
  2 ball pythons (D:2)
  8 bats
  4 giant cockroaches
  9 hobgoblins
  4 jackals (D:2)
  A quokka (D:4)
  2 frilled lizards (D:1)
  4 goblins
  A jackal zombie (D:2)
  7 kobolds
  11 rats
72 creatures vanquished.

Vanquished Creatures (others)
  A plant (D:4)
1 creature vanquished.

Grand Total: 73 creatures vanquished
